 Dungeon Crawl Stone Soup version 0.19.1 (console) character file.

2545 Morrissey the Basher (level 9, -1/80 HPs)
             Began as a Troll Berserker on Dec 21, 2016.
             Was an Elder of Trog.
             Slain by an unseen horror (12 damage)
             ... on level 7 of the Dungeon.
             The game lasted 00:07:44 (5140 turns).

Morrissey the Basher (Troll Berserker)              Turns: 5140, Time: 00:07:45

Health: -1/80      AC:  5    Str: 29    XL:     9   Next: 30%
Magic:  8/8        EV: 10    Int:  3    God:    Trog [****..]
Gold:   317        SH:  0    Dex: 10    Spells: 0 memorised, 8 levels left

rFire  . . .     SeeInvis .     a - +0 flail
rCold  . . .     Gourm    +     b - +0 animal skin
rNeg   . . .     Faith    .     (no shield)
rPois  .         Spirit   .     (helmet restricted)
rElec  .         Reflect  .     (no cloak)
rCorr  .         Harm     +     (gloves unavailable)
MR     .....                    (boots unavailable)
Stlth  +.........               e - amulet of harm
                                (no ring)
                                (no ring)

@: exhausted, slowed, very slow
A: unfitting armour, claws 3, fast metabolism 3, gourmand, regeneration 1,
shaggy fur 1, tough skin 2
a: Berserk, Trog's Hand, Brothers in Arms, Burn Spellbooks, Renounce Religion


You were on level 7 of the Dungeon.
You worshipped Trog.
Trog was greatly pleased with you.
You were very hungry.

You visited 1 branch of the dungeon, and saw 7 of its levels.

You collected 353 gold pieces.
You spent 36 gold pieces at shops.

Inventory:

Hand Weapons
 a - a +0 flail (weapon)
 A - a +0 mace
Armour
 b - a +0 animal skin (worn)
 p - a cursed +0 large shield
Jewellery
 e - an amulet of harm (around neck)
 o - an uncursed ring of fire
 x - an uncursed ring of fire
 G - an uncursed ring of fire
Wands
 F - a wand of flame (16/48)
Scrolls
 h - 4 scrolls of identify {unknown}
 i - 2 scrolls of teleportation {unknown}
 j - 2 scrolls of immolation {unknown}
 m - 2 scrolls of remove curse {unknown}
 r - 3 scrolls of noise {unknown}
 u - a scroll of enchant weapon {unknown}
 y - a scroll of vulnerability {unknown}
 B - a scroll of amnesia {unknown}
 C - a scroll of random uselessness {unknown}
 E - a scroll of recharging {unknown}
Potions
 d - 3 potions of lignification {unknown}
 f - a potion of cure mutation {unknown}
 n - a potion of agility {unknown}
 q - 2 potions of degeneration {unknown}
 s - 2 potions of cancellation {unknown}
 t - 2 potions of ambrosia {unknown}
 v - a potion of might {unknown}
 z - a potion of flight {unknown}
 D - a potion of berserk rage {unknown}
 H - a potion of haste {unknown}
Comestibles
 c - 7 bread rations
 g - 3 slices of pizza
 k - a royal jelly
 l - 3 meat rations


   Skills:
 - Level 2.9 Fighting
 * Level 11.6 Maces & Flails
 - Level 2.4 Dodging


You had 8 spell levels left.
You didn't know any spells.

Dungeon Overview and Level Annotations

Branches:
Dungeon (7/15)             Temple (0/1) D:6

Altars:
Elyvilon
Kikubaaqudgha
Qazlal
Yredelemnul
Zin

Shops:
D:5 !


Innate Abilities, Weirdness & Mutations

You are too large for most types of armour.
You have claws for hands.
Your metabolism is lightning-fast.
You like to eat raw meat.
Your natural rate of healing is unusually fast.
You are covered in fur. (AC +1)
You have very tough skin. (AC +2)


Message History

* * * LOW HITPOINT WARNING * * *
Something hits you!
* * * LOW HITPOINT WARNING * * *
Something hits you.
* * * LOW HITPOINT WARNING * * *
Something hits the freed slave.
You closely miss something. Something hits you.
* * * LOW HITPOINT WARNING * * *
Something misses the freed slave.
Something hits you!
* * * LOW HITPOINT WARNING * * *
The freed slave hits something.
Something hits you!
* * * LOW HITPOINT WARNING * * *
Something closely misses the freed slave.
You feel better. Something hits you.
* * * LOW HITPOINT WARNING * * *
The freed slave closely misses something.
You feel better. Something hits you!
You die...

#.... #... # ##..#
..##### #...#
.p#.###..#
#.÷.##..#
####p...).## #
#.##..).†.p### .#.
##...###†@..).####
..#####...##
#.....)p..#
#(#.#...##
#..####......
#.#...## #...#
#..... ####.....#
#..## .....
........## #...#
.... .#.....##
#..## ...
.......## ...# ..#
........# #...##


You could see 4 neutral freed slaves.

Vanquished Creatures
  The ghost of Schimscham the Magician, a novice NaWz (D:6)
  Pikel (D:7)
  The ghost of Perturabo the Slasher, an amateur HOFi (D:4)
  Duvessa (D:5)
  An orc warrior (D:4)
  2 sky beasts
  The ghost of Schimscham the Sneak, an amateur NaWz (D:3)
  A phantom (D:5)
  Blork the orc (D:5)
  Dowan (D:5)
  2 crimson imps
  2 howler monkeys
  2 jellies
  3 orc priests
  A hound (D:4)
  2 bullfrog skeletons
  4 orc wizards
  2 iguanas
  A worker ant (D:4)
  A hound skeleton (D:4)
  A hound zombie (D:6)
  3 gnolls (D:5)
  A howler monkey skeleton (D:7)
  6 adders
  2 oozes
  4 worms
  3 dart slugs
  9 leopard geckos
  21 orcs
  4 giant cockroaches
  6 hobgoblins
  4 jackals
  7 kobolds
  2 quokkas
  A ball python (D:1)
  9 bats
  7 frilled lizards
  4 goblins
  A jackal zombie (D:5)
  14 rats
140 creatures vanquished.

Vanquished Creatures (others)
  An orc (D:7)
1 creature vanquished.

Grand Total: 141 creatures vanquished

Notes
Turn   | Place    | Note
-------+----------+-------------------------------------------
     0 | D:1      | Morrissey the Troll Berserker began the quest for the Orb.
     0 | D:1      | Reached XP level 1. HP: 22/22 MP: 0/0
   269 | D:1      | Reached XP level 2. HP: 29/29 MP: 1/1
   357 | D:1      | Reached skill level 3 in Maces & Flails
   761 | D:2      | Reached XP level 3. HP: 29/36 MP: 2/2
   856 | D:2      | Reached ** piety under Trog
   892 | D:2      | Found a glowing silver altar of Zin.
  1425 | D:2      | Reached skill level 4 in Maces & Flails
  1430 | D:2      | Reached XP level 4. HP: 44/44 MP: 3/3
  1704 | D:3      | Noticed Schimscham's ghost (amateur NaWz)
  1735 | D:3      | Killed Schimscham's ghost
  1735 | D:3      | Reached skill level 5 in Maces & Flails
  1735 | D:3      | Reached XP level 5. HP: 37/52 MP: 4/4
  1878 | D:3      | Found a white marble altar of Elyvilon.
  2141 | D:4      | Noticed Perturabo's ghost (amateur HOFi)
  2150 | D:4      | Killed Perturabo's ghost
  2150 | D:4      | Reached skill level 6 in Maces & Flails
  2150 | D:4      | Reached XP level 6. HP: 54/59 MP: 5/5
  2207 | D:4      | Reached *** piety under Trog
  2475 | D:4      | Reached skill level 7 in Maces & Flails
  2508 | D:4      | Reached XP level 7. HP: 51/66 MP: 6/6
  2810 | D:4      | Reached skill level 8 in Maces & Flails
  2897 | D:5      | Entered Level 5 of the Dungeon
  3017 | D:5      | Noticed Duvessa
  3018 | D:5      | Noticed Dowan
  3029 | D:5      | Reached **** piety under Trog
  3036 | D:5      | Killed Duvessa
  3037 | D:5      | Reached XP level 8. HP: 55/74 MP: 7/7
  3039 | D:5      | Killed Dowan
  3039 | D:5      | Reached skill level 9 in Maces & Flails
  3180 | D:5      | Noticed Blork the orc
  3198 | D:5      | Killed Blork the orc
  3494 | D:5      | Found Zynt's Distillery.
  3502 | D:5      | Bought a potion of curing for 36 gold pieces
  3918 | D:6      | Noticed Schimscham's ghost (novice NaWz)
  3948 | D:6      | Killed Schimscham's ghost
  3948 | D:6      | Reached skill level 10 in Maces & Flails
  4232 | D:6      | Found a staircase to the Ecumenical Temple.
  4512 | D:6      | Found a basalt altar of Yredelemnul.
  4795 | D:6      | Found an ancient bone altar of Kikubaaqudgha.
  4799 | D:6      | Found a stormy altar of Qazlal.
  4802 | D:6      | Found a basalt altar of Yredelemnul.
  4960 | D:7      | Reached XP level 9. HP: 68/80 MP: 8/8
  5018 | D:7      | Reached skill level 11 in Maces & Flails
  5111 | D:7      | Noticed Pikel
  5118 | D:7      | Killed Pikel
  5138 | D:7      | HP: 1/80 [something (9)]
  5140 | D:7      | Slain by an unseen horror

Skill      XL: |  1  2  3  4  5  6  7  8  9 |
---------------+----------------------------+-----
Maces & Flails | 3 4 5 6 7 8 10 11 | 11.6
Fighting       | |  2.9
Dodging        | |  2.4

Action                   |  1- 3 |  4- 6 |  7- 9 || total
-------------------------+-------+-------+-------++-------
Melee: Mace              |   184 |    99 |   222 ||   505
       Flail             |       |       |    74 ||    74
Invok: Berserk           |       |     2 |     7 ||     9
       Burn Spellbooks   |       |       |     1 ||     1
  Use: Potion            |       |       |     2 ||     2
 Stab: Sleeping          |     1 |       |       ||     1
  Eat: Chunk             |    19 |    12 |    17 ||    48
       Meat ration       |       |       |     1 ||     1
Armor: Animal skin       |   105 |    24 |    60 ||   189
Dodge: Dodged            |   120 |    55 |    99 ||   274
